 Dungeon Crawl Stone Soup version 0.27-a0-1595-g0b823d0a13 (webtiles) character file.

Game seed: 8181030862316627660

166 Gwenloh the Chopper (level 5, 0/42 HPs)
             Began as a Minotaur Gladiator on July 21, 2021.
             Was an Initiate of Hepliaklqana.
             Slain by an orc wizard (1 damage)
             ... on level 3 of the Dungeon.
             The game lasted 00:06:05 (2860 turns).

Gwenloh the Chopper (Minotaur Gladiator)            Turns: 2860, Time: 00:06:06

Health: 0/42       AC:  5    Str: 19    XL:     5   Next: 22%
Magic:  4/4        EV: 11    Int:  5    God:    Hepliaklqana [......]
Gold:   90         SH:  0    Dex: 12    Spells: 4/4 levels left

rFire    . . .     SeeInvis .   a - +0 war axe
rCold    . . .     Faith    .   (no shield)
rNeg     . . .     Spirit   .   k - +0 ring mail
rPois    .         Reflect  .   c - +0 hat
rElec    .         Harm     .   (no cloak)
rCorr    .         Rampage  .   (no gloves)
Will     .....                  (no boots)
Stlth    ..........             (no amulet)
HPRegen  0.14/turn              (no ring)
MPRegen  0.09/turn              (no ring)

@: confused
A: horns 2, retaliatory headbutt
a: Renounce Religion


You were on level 3 of the Dungeon.
You worshipped Hepliaklqana.
Hepliaklqana was noncommittal.
You visited 1 branch of the dungeon, and saw 3 of its levels.

You collected 90 gold pieces.

Inventory:

Hand Weapons
 a - a +0 war axe (weapon)
 p - a +0 hand axe of holy wrath
Missiles
 d - 3 throwing nets
 f - 33 bolts
 g - 106 stones (quivered)
 j - 5 poisoned darts
 l - 32 sling bullets
Armour
 b - a +0 leather armour
 c - a +0 hat (worn)
 k - a +0 ring mail (worn)
 q - a +3 leather armour
Jewellery
 h - a ring of protection from cold
Scrolls
 i - a scroll of fear {unknown}
 m - 2 scrolls of brand weapon {unknown}
 n - 2 scrolls of blinking {unknown}
 o - a scroll of identify {unknown}
Potions
 e - a potion of ambrosia {unknown}


   Skills:
 - Level 2.4 Fighting
 + Level 7.2 Axes
 - Level 2.0 Throwing
 - Level 3.2 Dodging


You had 4 spell levels left.
You didn't know any spells.
Your spell library contained the following spells:

 Spells                   Type           Power      Damage    Failure   Level
 Summon Small Mammal      Summ           0%         N/A       67%         1
 Call Canine Familiar     Summ           0%         N/A       95%         3
 Summon Guardian Golem    Hex/Summ       0%         N/A       95%         3


Dungeon Overview and Level Annotations

Branches:
Dungeon (3/15)

Altars:
Hepliaklqana


Innate Abilities, Weirdness & Mutations

You have a pair of horns on your head.
You reflexively headbutt those who attack you in melee.


Message History

You closely miss the orc wizard.
The orc wizard hits you but does no damage.
You closely miss the orc wizard. The orc wizard closely misses you.
You closely miss the orc wizard.
The orc wizard points at you and mumbles some strange words.
You are confused.
You bump into the rock wall.
The orc wizard closely misses you.
You closely miss the orc wizard. Your headbutt misses the orc wizard.
The orc wizard closely misses you.
You're too confused to move!
The orc wizard misses you.
You bump into the rock wall.
The orc wizard drinks a potion.
The orc wizard seems to speed up.
You closely miss the orc wizard.
The orc wizard hits you with a +0 dagger.
The orc wizard points at you and mumbles some strange words.
The puff of flame hits you!
You feel less confused.
You barely miss the orc wizard.
The orc wizard hits you but does no damage.
The orc wizard gestures at you while chanting.
The magic dart hits you.
* * * LOW HITPOINT WARNING * * *
You closely miss the orc wizard.
The orc wizard points at you and mumbles some strange words.
You are confused.
The orc wizard points at you and mumbles some strange words.
The magic dart hits you.
* * * LOW HITPOINT WARNING * * *
You closely miss the orc wizard. The orc wizard casts a spell at you.
The puff of flame hits you.
* * * LOW HITPOINT WARNING * * *
The orc wizard misses you.
You bump into the rock wall.
The orc wizard hits you but does no damage.
You bump into the rock wall.
The orc wizard hits you with a +0 dagger.
* * * LOW HITPOINT WARNING * * *
The orc wizard hits you with a +0 dagger.
You die...

#### ..# #.# #o#
####@# #....#
.#########....#
..............#
#########....<#
#########..#.....#
#..........#.#####
...#######.#.#
......#....#.#


You could see an orc wizard (fast).

Vanquished Creatures
  An orc priest (D:2)
  An orc wizard (D:3)
  3 adders (D:2)
  A worm (D:2)
  A dart slug (D:2)
  9 orcs
  6 endoplasms
  4 giant cockroaches
  7 goblins
  2 hobgoblins (D:1)
  4 jackals (D:1)
  4 quokkas
  5 ball pythons
  5 bats
  7 frilled lizards
  6 kobolds
  4 rats
70 creatures vanquished.

Notes
Turn   | Place    | Note
-------+----------+-------------------------------------------
     0 | D:1      | Gwenloh the Minotaur Gladiator began the quest for the Orb.
     0 | D:1      | Reached XP level 1. HP: 18/18 MP: 0/0
    77 | D:1      | Reached skill level 4 in Axes
   105 | D:1      | Reached XP level 2. HP: 16/25 MP: 1/1
   594 | D:1      | Reached skill level 5 in Axes
   704 | D:1      | Reached XP level 3. HP: 30/30 MP: 2/2
   746 | D:1      | Found a faded altar of an unknown god.
  1507 | D:2      | Reached skill level 6 in Axes
  1507 | D:2      | Reached XP level 4. HP: 19/37 MP: 3/3
  2021 | D:2      | Found a hazy altar of Hepliaklqana.
  2365 | D:2      | Became a worshipper of Hepliaklqana the Forgotten
  2589 | D:3      | Reached skill level 7 in Axes
  2589 | D:3      | Reached XP level 5. HP: 27/42 MP: 4/4
  2860 | D:3      | HP: 1/42 [orc wizard (3)]
  2860 | D:3      | Slain by an orc wizard

Illustrated notes

Levels and vault maps discovered:
D:1:      dpeg_arrival_boxorama, layout_basic, chequers_ecumenical_altar_island
D:2:      layout_basic, basic_altar, serial_park_tiny_1,
          minmay_misc_feat_encased, kennysheep_small_spiral
D:3:      layout_basic

Skill      XL: |  1  2  3  4 |
---------------+-------------+-----
Axes           | 4 5 6 7 |  7.2
Fighting       | |  2.4
Throwing       | |  2.0
Dodging        | |  3.2

Action                   |  1- 3 |  4- 6 || total
-------------------------+-------+-------++-------
Melee: War axe           |    66 |    60 ||   126
       Headbutt          |     7 |     3 ||    10
Throw: Stone             |    42 |    88 ||   130
Armor: Leather armour    |    11 |       ||    11
       Ring mail         |     4 |    22 ||    26
Dodge: Dodged            |    33 |    23 ||    56

Table legend: (Time is in decaauts)
 A = Elapsed time spent in this place.
 B = Non-inter-level travel time spent in this place.
 C = Inter-level travel time spent in this place.
 D = Time resting spent in this place.
 E = Time spent auto-exploring this place.
 F = Levels seen in this place.
 G = Mean time per level.
                   A        B        C        D        E       F      G
               +--------+--------+--------+--------+--------+-----+--------+
         Total |   2891 |   2696 |    195 |      0 |   2225 |   3 |  963.7 |
       Dungeon |   2891 |   2696 |    195 |      0 |   2225 |   3 |  963.7 |
               +--------+--------+--------+--------+--------+-----+--------+

Top non-repeatable levels by time:
     D:1: 1457 daAuts
     D:2: 954 daAuts
     D:3: 480 daAuts
